 Dungeon Crawl Stone Soup version 0.31-a0-233-g139696dc86 (webtiles) character file.

Game seed: 16701662826935043922

99 qw the Trooper (level 4, -2/29 HPs)
             Began as a Gargoyle Hexslinger on July 7, 2023.
             Slain by Terence
             ... wielding a +0 mace
              (4 damage)
             ... on level 2 of the Dungeon.
             The game lasted 00:00:27 (716 turns).

qw the Trooper (Gargoyle Hexslinger)                 Turns: 716, Time: 00:00:28

Health: -2/29      AC:  7    Str: 11    XL:     4   Next: 72%
Magic:  5/5        EV: 12    Int: 14    God:
Gold:   75         SH:  0    Dex: 14    Spells: 4/5 levels left

rFire   . . .        b - +0 shortbow
rCold   . . .        (shield currently unavailable)
rNeg    + . .        c - +0 robe
rPois   inf          (no helmet)
rElec   +            d - +0 cloak
rCorr   .            i - +0 pair of gloves
SInv    .            (no boots)
Will    .....        (no amulet)
Stlth   +            (no ring)
HPRegen 0.24/turn    (no ring)
MPRegen 0.09/turn

%: no passive effects
@: no status effects
A: sickness immunity, AC +3, negative energy resistance 1, electricity
resistance, torment resistance 1, petrification resistance
a: no special abilities


You were on level 2 of the Dungeon.
You visited 1 branch of the dungeon, and saw 2 of its levels.

You collected 75 gold pieces.


Innate Abilities, Weirdness & Mutations

You are immune to sickness and miasma.
Your stone body is resilient. (AC +3)
You are immune to poison.
You resist negative energy. (rN+)
You are resistant to electric shocks. (rElec)
You are resistant to unholy torment.
You are immune to petrification.


   Skills:
 - Level 3.7 Fighting
 + Level 3.3 Ranged Weapons
 - Level 1.5 Dodging
 - Level 1.0 Spellcasting
 - Level 2.6 Hexes


You had 4 spell levels left.
You knew the following spells:

 Your Spells              Type           Power      Damage    Failure   Level
a - Slow                  Hex            32%        N/A       9%          1

Your spell library contained the following spells:

 Spells                   Type           Power      Damage    Failure   Level
 Inner Flame              Hex/Fire       4%         N/A       41%         3
 Portal Projectile        Hex/Tloc       8%         N/A       41%         3
 Cause Fear               Hex            4%         N/A       65%         4

Inventory:

Hand Weapons
 b - a +0 shortbow (weapon)
Armour
 c - a +0 robe (worn)
 d - a +0 cloak (worn)
 i - a +0 pair of gloves (worn)
Scrolls
 a - a scroll of enchant armour {unknown}
 e - a scroll of amnesia {unknown}

Dungeon Overview and Level Annotations

Branches:
Dungeon (2/15)

Altars:

Annotations:
D:2 Terence


Message History

You shoot an arrow. The arrow barely misses the dart slug.
Terence hits you with a +0 mace. The dart slug barely misses you.
You shoot an arrow. The arrow barely misses the dart slug.
Terence hits you but does no damage. x2
You shoot an arrow. The arrow hits the dart slug.
The dart slug is severely wounded.
The dart slug closely misses you. Terence hits you with a +0 mace!
You shoot an arrow. The arrow hits the dart slug.
You kill the dart slug!
Terence hits you with a +0 mace.
You shoot an arrow.
The arrow hits Terence but does no damage.
Terence is moderately wounded.
Terence closely misses you.
You shoot an arrow. The arrow hits Terence.
Terence is heavily wounded.
Terence hits you with a +0 mace. x2
You shoot an arrow. The arrow hits Terence.
Terence is heavily wounded.
Terence hits you but does no damage.
You shoot an arrow. The arrow barely misses Terence.
Terence hits you with a +0 mace.
You shoot an arrow. The arrow hits Terence.
Terence is severely wounded.
Terence hits you but does no damage.
You shoot an arrow. The arrow barely misses Terence.
Terence closely misses you. Terence hits you with a +0 mace.
You shoot an arrow. The arrow barely misses Terence.
Terence hits you with a +0 mace.
You shoot an arrow. The arrow hits Terence.
Terence is almost dead.
Terence barely misses you.
You shoot an arrow. The arrow hits Terence.
Terence is almost dead.
Terence hits you but does no damage.
You shoot an arrow.
The arrow hits Terence but does no damage.
Terence is almost dead.
Terence hits you with a +0 mace.
You die...

#........##........
#........##........
#..................
#..................
#..................
#........)..###....
#........##..###+#.
####..)...........
#
#....@.........)###
#...%@######....#
#.....# #####
#.....# #.....#
........ #........
#........


You could see Terence.

Vanquished Creatures
  A scorpion (D:2)
  An adder (D:2)
  A dart slug (D:2)
  2 endoplasms (D:1)
  A giant cockroach (D:1)
  4 goblins
  A hobgoblin (D:1)
  A jackal (D:1)
  5 kobolds
  3 quokkas
  2 ball pythons (D:1)
  4 bats
  4 frilled lizards
  2 rats (D:2)
32 creatures vanquished.

Notes
Turn   | Place    | Note
-------+----------+-------------------------------------------
     0 | D:1      | qw the Gargoyle Hexslinger began the quest for the Orb.
     0 | D:1      | Reached XP level 1. HP: 12/12 MP: 2/2
     0 | D:1      | 0 ||| qw: Version: 0.3-a-46-gb1f654a
     0 | D:1      | 0 ||| qw: Game counter: 3232
     0 | D:1      | 0 ||| qw: Melee chars always use a shield: true
     0 | D:1      | 0 ||| qw: God list: Okawaru
     0 | D:1      | 0 ||| qw: Allow faded altars: false
     0 | D:1      | 0 ||| qw: Do Orc after clearing Dungeon:15 true
     0 | D:1      | 0 ||| qw: Do second Lair branch before Depths: true
     0 | D:1      | 0 ||| qw: Lair rune preference: random
     0 | D:1      | 0 ||| qw: Goals: Normal
     0 | D:1      | 0 ||| PLANNING D:1-11
   113 | D:1      | Reached XP level 2. HP: 16/16 MP: 3/3
   143 | D:1      | Reached skill level 3 in Ranged Weapons
   325 | D:1      | 325 ||| FLEEEEING.
   475 | D:1      | 475 ||| UPGRADING to +0 cloak.
   480 | D:1      | 480 ||| UPGRADING to +0 pair of gloves.
   485 | D:1      | 485 ||| READING scroll labelled FIFEANA CENOELEDU.
   486 | D:1      | 486 ||| READING scroll labelled ANEUVE RAMO.
   487 | D:1      | 487 ||| READING scroll labelled VOILI NOXTEWN.
   488 | D:1      | 488 ||| READING scroll labelled DOAGOJUIFA.
   489 | D:1      | 489 ||| READING scroll labelled VAACYCUUNU.
   492 | D:1      | 492 ||| DROPPING scroll of poison.
   526 | D:2      | Noticed a scorpion
   535 | D:2      | Killed a scorpion
   536 | D:2      | Reached skill level 3 in Fighting
   536 | D:2      | Reached XP level 3. HP: 24/24 MP: 4/4
   536 | D:2      | Reached XP level 4. HP: 29/29 MP: 5/5
   578 | D:2      | 578 ||| SWAPPING to +0 shortbow.
   583 | D:2      | 583 ||| DROPPING +1 sling of draining.
   692 | D:2      | Noticed Terence
   708 | D:2      | HP: 5/29 [Terence/+0 mace (3)]
   712 | D:2      | HP: 2/29 [Terence/+0 mace (3)]
   716 | D:2      | Slain by Terence

Levels and vault maps discovered:
D:1:      dpeg_arrival_ternary, layout_rooms, st_stairs_3, serial_bayou_pond_c
D:2:      layout_basic, st_stairs_1, uniq_terence, uniq_natasha, uniq_sigmund

Skill      XL: |  1  2 |
---------------+-------+-----
Ranged Weapons | 3 |  3.3
Fighting       | 3 |  3.7
Dodging        | |  1.5
Spellcasting   | |  1.0
Hexes          | |  2.6

Action                     |  1- 3 |  4- 6 || total
---------------------------+-------+-------++-------
   Fire: Sling             |    59 |     7 ||    66
         Shortbow          |       |    60 ||    60
    Use: Scroll            |     5 |       ||     5
 Armour: Robe              |    18 |    18 ||    36
  Dodge: Dodged            |    19 |    21 ||    40

Table legend:
 A = Non-vault XP
 B = Vault XP
 C = Vault XP percentage of total XP
 D = Non-vault monster count
 E = Vault monster count
 F = Vault count percentage of total count
                 A         B        C        D         E       F
            +---------+---------+-------+---------+---------+-------
      Total |     122 |      20 |  14.1 |      26 |       6 |  18.8
            +---------+---------+-------+---------+---------+-------
        D:1 |      28 |       5 |  15.2 |      17 |       3 |  15.0
        D:2 |      94 |      15 |  13.8 |       9 |       3 |  25.0
            +---------+---------+-------+---------+---------+-------
